 Dungeon Crawl Stone Soup version 0.30.1-4-g462c640d31 (webtiles) character file.

Game seed: 3465111483878026648

6225 slappy the Carver (level 10, -4/84 HPs)
             Began as a Minotaur Fighter on Sept 14, 2023.
             Was an Initiate of Ru.
             Killed from afar by an acid dragon (22 damage)
             ... with a splash of acid
             ... on level 10 of the Dungeon.
             The game lasted 00:50:58 (7546 turns).

slappy the Carver (Minotaur Fighter)                Turns: 7546, Time: 00:50:59

Health: -4/84      AC: 16    Str: 31    XL:     10   Next: 61%
Magic:  9/9        EV:  9    Int:  5    God:    Ru [......]
Gold:   488        SH: 15    Dex: 10    Spells: 8/9 levels left

rFire   . . .        v - +7 Throatcutter {drain, coup de grace}
rCold   . . .        c - +0 kite shield
rNeg    + . .        H - +0 chain mail {rN+}
rPois   .            h - +1 hat
rElec   .            z - +0 cloak
rCorr   .            a - +0 pair of gloves
SInv    .            G - +0 pair of boots
Will    .....        w - amulet of reflection Stlth
                     L - +6 ring of strength
HPRegen 0.34/turn    D - +4 ring of protection
MPRegen 0.11/turn

%: reflection
@: marked, corroded
A: horns 2, retaliatory headbutt
a: Renounce Religion


You were on level 10 of the Dungeon.
You worshipped Ru.
Ru was noncommittal.
You visited 2 branches of the dungeon, and saw 11 of its levels.

You collected 488 gold pieces.

Inventory:

Hand Weapons
 k - a +4 quarterstaff of chaos
 v - the +7 Throatcutter (weapon) {drain, coup de grace}
   (You found it on level 3 of the Dungeon)
 E - the +9 spear "Empineat" {flame, rF+}
   (You found it on level 5 of the Dungeon)

   rF:        It protects you from fire.
Missiles
 s - a throwing net
Armour
 a - a +0 pair of gloves (worn)
 c - a +0 kite shield (worn)
 h - a +1 hat (worn)
 z - a +0 cloak (worn)
 G - a +0 pair of boots (worn)
 H - a +0 chain mail of positive energy (worn)
Jewellery
 w - an amulet of reflection (around neck)
 D - a +4 ring of protection (right hand)
 L - a +6 ring of strength (left hand)
Wands
 y - a wand of flame (34) (quivered)
 B - a wand of digging (21)
 I - a wand of light (4)
 K - a wand of polymorph (10)
Scrolls
 f - a scroll of amnesia
 g - a scroll of fear
 i - a scroll of torment {unknown}
 l - 3 scrolls of vulnerability
 A - 2 scrolls of magic mapping {unknown}
 C - 4 scrolls of enchant weapon {unknown}
 J - a scroll of poison {unknown}
 M - a scroll of immolation {unknown}
 O - a scroll of noise {unknown}
 Q - a scroll of identify
Potions
 b - 3 potions of curing
 d - 4 potions of might
 e - a potion of lignification
 j - 4 potions of brilliance
 m - a potion of berserk rage
 o - a potion of degeneration {unknown}
 p - a potion of ambrosia {unknown}
 r - 4 potions of magic
 t - 2 potions of heal wounds {unknown}
 u - a potion of cancellation
 x - a potion of haste {unknown}
 F - a potion of resistance {unknown}
 N - a potion of mutation {unknown}


   Skills:
 + Level 6.3 Fighting
 * Level 12.5 Long Blades
 - Level 5.6 Maces & Flails
 + Level 8.7 Armour
 + Level 3.1 Dodging
 * Level 9.8 Shields
 + Level 0.9 Evocations


You had 8 spell levels left.
You knew the following spells:

 Your Spells              Type           Power      Damage    Failure   Level
a - Magic Dart            Conj           0%         1d3       95%         1

Your spell library contained the following spells:

 Spells                   Type           Power      Damage    Failure   Level
 Slow                     Hex            0%         N/A       95%         1
 Call Imp                 Summ           0%         N/A       99%         2
 Searing Ray              Conj           0%         2d4       99%         2
 Confusing Touch          Hex            0%         N/A       100%        3
 Mephitic Cloud           Conj/Pois/Air  0%         N/A       100%        3
 Vampiric Draining        Necr           0%         2d6       100%        3
 Fulminant Prism          Conj/Hex       0%         3d5       100%        4
 Summon Forest            Summ/Tloc      0%         N/A       100%        5
 Summon Mana Viper        Hex/Summ       0%         N/A       100%        5
 Summon Cactus Giant      Summ           0%         N/A       100%        6


Dungeon Overview and Level Annotations

Branches:
Dungeon (10/15)            Temple (1/1) D:5
   Lair: D:8-11         Orc: D:9-12

Altars:
Ashenzari
Cheibriados
Dithmenos
Elyvilon
Fedhas
Gozag
Hepliaklqana
Kikubaaqudgha
Makhleb
Nemelex Xobeh
Okawaru
Qazlal
Ru
Sif Muna
Trog
Uskayaw
Vehumet
Wu Jian
Xom
Yredelemnul
Zin
The Shining One

Shops:
D:2 (   D:5 :


Innate Abilities, Weirdness & Mutations

You have a pair of horns on your head.
You reflexively headbutt those who attack you in melee.


Message History

You see here a black bear corpse.
You slash the black bear! You drain the black bear.
You headbutt the black bear, but do no damage.
The black bear is severely wounded.
You feel sick. You block the gnoll sergeant's attack.
The acid dragon spits acid at you. The splash of acid hits you!!
* * * LOW HITPOINT WARNING * * *
The acid corrodes you!
The black bear bites you but does no damage.
You block the black bear's attack. The black bear barely misses you.
As you read the scroll of teleportation, it crumbles to dust.
You feel strangely unstable.
You feel sick.
The bullfrog swells and bulges.
The gnoll sergeant hits you but does no damage.
The black bear bites you but does no damage.
The black bear claws you but does no damage. x2
The acid dragon spits acid at you. The splash of acid misses you.
The splash of acid hits the gnoll sergeant!
As you read the scroll of teleportation, it crumbles to dust.
You feel strangely stable.
You feel sick.
The gnoll sergeant hits you from afar with a +0 trident.
* * * LOW HITPOINT WARNING * * *
You block the acid dragon's attack. x2
The black bear bites you but does no damage.
The black bear closely misses you. The black bear barely misses you.
Blink to where?
Press: ? - help, Dir - move target
Okay, then.
Blink to where?
Press: ? - help, Dir - move target
As you read the scroll of blinking, it crumbles to dust.
You feel sick.
You feel sick.
You open the door.
You feel sick.
You are no longer poisoned.
The acid dragon spits acid at you. The splash of acid hits you!!
You die...

.......#
#..####......#
#.....+......
#.....# ......#
##+##.....#
#...#.....#
#...'.....# ..
#@....#
..#####.....#
............##
.............#
.......g.....+
.............#..#
.......h.....#..#
P.......DF))##..#
#..
.........ยง).#...#
#..


You could see a black bear (drained), an acid dragon (catching breath), a gnoll
sergeant and a bullfrog.

Vanquished Creatures
  4 trolls
  2 hornets
  4 wyverns
  6 yaks (D:9)
  2 wraiths
  Duvessa (D:6)
  3 water moccasins
  2 black bears
  An ice beast (D:5)
  A sky beast (D:7)
  2 orc warriors
  An ogre (D:7)
  2 centaurs
  3 kobold brigands
  Blork the orc (D:5)
  7 bullfrogs
  A gnoll sergeant (D:9)
  3 wights (D:7)
  Dowan (D:6)
  An electric eel (D:8)
  3 howler monkeys
  3 jellies
  A hound (D:5)
  Crazy Yiuf (D:4)
  7 orc priests
  A gnoll bouda (D:6)
  4 orc wizards
  A sleepcap (D:5)
  Natasha (D:3)
  Terence (D:2)
  An iguana (D:5)
  13 gnolls
  5 adders
  A shadow imp (D:8)
  5 white imps
  2 ufetubi
  2 dart slugs (D:1)
  20 orcs
  7 ball pythons
  5 endoplasms
  3 giant cockroaches
  5 goblins
  6 hobgoblins
  A jackal (D:1)
  13 kobolds
  2 quokkas
  10 bats
  3 frilled lizards (D:1)
  6 rats
181 creatures vanquished.

Notes
Turn   | Place    | Note
-------+----------+-------------------------------------------
     0 | D:1      | slappy the Minotaur Fighter began the quest for the Orb.
     0 | D:1      | Reached XP level 1. HP: 19/19 MP: 0/0
    77 | D:1      | Reached XP level 2. HP: 20/27 MP: 1/1
   470 | D:1      | Reached XP level 3. HP: 29/33 MP: 2/2
   589 | D:2      | Reached skill level 1 in Maces & Flails
   797 | D:2      | Learned a level 1 spell: Magic Dart
   929 | D:2      | Noticed Terence
   935 | D:2      | Killed Terence
   936 | D:2      | Reached XP level 4. HP: 40/40 MP: 3/3
  1123 | D:2      | Found Efyriyw's Antique Weapon Shop.
  1291 | D:3      | Found a broken altar of Ashenzari.
  1359 | D:3      | Found the +7 Throatcutter {drain, coup de grace}
  1608 | D:3      | Reached skill level 5 in Shields
  1608 | D:3      | Reached XP level 5. HP: 46/46 MP: 4/4
  1894 | D:3      | Noticed Natasha
  1895 | D:3      | Killed Natasha
  2290 | D:4      | Reached skill level 3 in Long Blades
  2418 | D:4      | Found a runed translucent door.
  2419 | D:4      | Noticed Crazy Yiuf
  2423 | D:4      | Killed Crazy Yiuf
  2475 | D:4      | Found a sacrificial altar of Ru.
  2475 | D:4      | Found a shimmering blue altar of Sif Muna.
  2494 | D:4      | Became a worshipper of Ru the Awakened
  2563 | D:5      | Entered Level 5 of the Dungeon
  2589 | D:5      | Found a staircase to the Ecumenical Temple.
  2589 | D:5      | Noticed Blork the orc
  2598 | D:5      | Killed Blork the orc
  2599 | D:5      | Reached skill level 1 in Dodging
  2599 | D:5      | Reached XP level 6. HP: 26/53 MP: 5/5
  2611 | Temple   | Entered the Ecumenical Temple
  2801 | D:5      | Found a shimmering altar of Xom.
  2841 | D:5      | Reached skill level 4 in Long Blades
  2895 | D:5      | Found Matic's Self-Improvement Boutique.
  3166 | D:5      | Noticed an ice beast
  3170 | D:5      | Killed an ice beast
  3194 | D:5      | Identified the +9 spear "Empineat" {flame, rF+}
  3240 | D:5      | Reached skill level 5 in Armour
  3240 | D:5      | Reached XP level 7. HP: 54/60 MP: 6/6
  3793 | D:6      | Reached skill level 5 in Long Blades
  3846 | D:6      | Noticed Duvessa
  3853 | D:6      | Noticed Dowan
  3860 | D:6      | Killed Duvessa
  3861 | D:6      | Killed Dowan
  3862 | D:6      | Reached skill level 5 in Maces & Flails
  4323 | D:7      | Reached XP level 8. HP: 67/67 MP: 7/7
  4328 | D:7      | Reached skill level 6 in Long Blades
  4412 | D:7      | Reached skill level 5 in Fighting
  4995 | D:7      | Reached skill level 7 in Long Blades
  5429 | D:8      | Reached skill level 8 in Long Blades
  5570 | D:8      | Reached XP level 9. HP: 56/74 MP: 8/8
  5619 | D:8      | Reached skill level 9 in Long Blades
  6097 | D:9      | Noticed a troll
  6101 | D:9      | Killed a troll
  6111 | D:9      | Paralysed by a hornet for 3 turns
  6116 | D:9      | Reached skill level 10 in Long Blades
  6261 | D:9      | Noticed a troll
  6265 | D:9      | Killed a troll
  6310 | D:9      | Reached skill level 11 in Long Blades
  6320 | D:9      | Reached XP level 10. HP: 65/83 MP: 9/9
  6368 | D:9      | Found an opulent altar of Gozag.
  6531 | D:9      | Found a burning altar of Makhleb.
  7042 | D:10     | Entered Level 10 of the Dungeon
  7292 | D:10     | Paralysed by a hornet for 1 turns
  7297 | D:10     | Reached skill level 12 in Long Blades
  7546 | D:10     | Killed from afar by an acid dragon

Illustrated notes

Levels and vault maps discovered:
D:1:      dpeg_arrival_brainrot, layout_rooms
D:2:      layout_loops_ring, serial_shops, nicolae_shop_back_alley_shop,
          uniq_terence
D:3:      layout_basic, mainiacjoe_overflow_boulevard, uniq_natasha
D:4:      layout_cave_pools, gammafunk_temple_overflow_pools,
          serial_bayou_lake_a, uniq_crazy_yiuf_cottage
D:5:      minmay_inner_zag, layout_layer_cave, lemuel_coloured_pillars_altar,
          minmay_temple_entry_large_hall, nrook_uturn, nicolae_shop_self_help,
          uniq_blork_the_orc
D:6:      layout_basic, hangedman_decor_points, uniq_duvessa
D:7:      layout_gridville
D:8:      layout_basic, hangedman_decor_opposing, st_stairs_8, abandoned_shop,
          dreamdust_mushroom_princess, minmay_holes
D:9:      layout_stronghold, mainiacjoe_overflow_chevrons,
          mainiacjoe_overflow_alcove_4
D:10:     layout_irregular_city, due_lair_maze_entry_diamond
Temple:   lightli_temple_of_artemis

Skill      XL: |  1  2  3  4  5  6  7  8  9 10 |
---------------+-------------------------------+-----
Shields        | 4 5 6 7 8 9 |  9.8
Fighting       | 4 5 6 |  6.3
Armour         | 4 5 6 7 8 |  8.7
Maces & Flails | 2 3 4 5 |  5.6
Long Blades    | 3 4 5 8 11 12 | 12.5
Dodging        | 1 2 3 |  3.1
Evocations     | |  0.9

Action                     |  1- 3 |  4- 6 |  7- 9 | 10-12 || total
---------------------------+-------+-------+-------+-------++-------
  Melee: Long sword        |    19 |    72 |   154 |    95 ||   340
         Headbutt          |    11 |    36 |    22 |    19 ||    88
         Mace              |    63 |    86 |       |       ||   149
 Invoke: Reject Sacrifices |       |       |     2 |       ||     2
  Evoke: Wand              |       |     2 |     2 |       ||     4
    Use: Scroll            |     3 |     3 |     5 |     3 ||    14
         Potion            |     1 |     1 |       |       ||     2
   Stab: Invisible         |       |       |     1 |       ||     1
 Armour: Scale mail        |    43 |       |       |       ||    43
         Chain mail        |       |    37 |    67 |    46 ||   150
  Dodge: Dodged            |    37 |    25 |    46 |    32 ||   140
  Block: Buckler           |    32 |    28 |    61 |    16 ||   137
         Reflection        |       |       |     4 |     4 ||     8
         Kite shield       |       |       |       |    53 ||    53
